cohdb
Replays
Latest Replays
All Replays
Popular Replays
Top Player Replays
Match Explorer
How It Works
Community
CoH3 Stats
Reddit
Sign in to upload your games and track your stats! →
Sign in with Steam
Match 43582429
Unlisted
Match 43582429
Overview
Messages
Build Orders
End
Engineer Squad
Construct Barracks
Engineer Squad
Riflemen Squad
Riflemen Squad
Construct Medical Station
Construct Medical Station
Riflemen Squad
Mechanized Support Center
Grenade Package
Construct Motor Pool
Selects Armored Battlegroup
Selects Veteran Crews
Selects Field Repairs
M24 Chaffee Light Tank
JEFG
Seocheon
Kampfstärke
✠Kaiser✠ tushkan
0
0
Comments
sign in to comment!
No comments posted yet!